 Dungeon Crawl Stone Soup version 0.18.1-5-g4a78601 (webtiles) character file.

179 dorian the Chopper (level 5, -1/46 HPs)
             Began as a Deep Dwarf Fighter on May 10, 2016.
             Slain by an iguana (7 damage)
             ... on level 4 of the Dungeon.
             The game lasted 00:05:03 (1639 turns).

dorian the Chopper (Deep Dwarf Fighter)             Turns: 1639, Time: 00:05:04

Health: -1/46      AC: 10    Str: 21    XL:     5   Next: 32%
Magic:  7/7        EV:  7    Int:  8    God:
Gold:   162        SH: 10    Dex: 17    Spells: 0 memorised, 4 levels left

rFire  . . .     SeeInvis .     a - +0 war axe
rCold  . . .     Gourm    .     b - +0 scale mail
rNeg   . . .     Faith    .     c - +0 shield
rPois  .         Spirit   .     (no helmet)
rElec  .         Dismiss  .     y - +0 cloak
rCorr  .         Reflect  .     A - +0 pair of gloves
SustAt .         Harm     .     B - +0 pair of boots
MR     .....                    (no amulet)
Stlth  ..........               (no ring)
                                t - +5 ring of dexterity

@: non-regenerating, not resistant to hostile enchantments, extremely unstealthy
A: damage resistance, recharge devices, sense surroundings 1, slow regeneration
3
a: Device Recharging


You were on level 4 of the Dungeon.
You were not hungry.

You visited 1 branch of the dungeon, and saw 4 of its levels.

You collected 162 gold pieces.

Inventory:

Hand Weapons
 a - a +0 war axe (weapon)
Missiles
 s - 25 bolts
Armour
 b - a +0 scale mail (worn)
 c - a +0 shield (worn)
 y - a +0 cloak (worn)
 A - a +0 pair of gloves (worn)
 B - a +0 pair of boots (worn)
Jewellery
 t - a +5 ring of dexterity (left hand)
Wands
 e - a wand of heal wounds (4/9)
Scrolls
 g - 2 scrolls of fog {unknown}
 i - a scroll of magic mapping {unknown}
 j - a scroll of enchant armour {unknown}
 k - a scroll of fear {unknown}
 l - a scroll of teleportation {unknown}
 m - 3 scrolls of identify {unknown}
 n - a scroll of blinking {unknown}
 o - 4 scrolls of remove curse {unknown}
 u - a scroll of noise {unknown}
 w - a scroll of enchant weapon {unknown}
Potions
 d - 3 potions of might
 q - a potion of agility {unknown}
 v - 2 potions of curing {unknown}
 x - 2 potions of resistance {unknown}
 C - a potion of lignification {unknown}
Comestibles
 f - 3 bread rations
 h - 2 meat rations
 p - a slice of pizza
 r - 3 fruits
 z - 4 chunks of flesh


   Skills:
 - Level 2.6 Fighting
 + Level 5.6 Axes
 - Level 3.2 Armour
 - Level 3.2 Shields
 + Level 2.6 Evocations


You had 4 spell levels left.
You didn't know any spells.

Dungeon Overview and Level Annotations

Branches:
Dungeon (4/15)
 Temple: D:4-7

Altars:


Innate Abilities, Weirdness & Mutations

You are resistant to damage.
You can recharge devices by infusing magical energy.
You passively map a small area around you.
You do not regenerate naturally.


Message History

Your scale mail prevents you from hitting the iguana.
The iguana bites you.
You closely miss the iguana.
The iguana bites you but does no damage.
You hit the iguana.
The iguana is heavily wounded.
You block the iguana's attack. The iguana bites you.
You hit the iguana.
The iguana is severely wounded.
The iguana bites you!
* * * LOW HITPOINT WARNING * * *
You are too injured to fight recklessly!
You are too injured to fight recklessly!
You hit the iguana but do no damage.
The iguana is severely wounded.
The iguana bites you but does no damage.
You hit the iguana but do no damage.
The iguana is severely wounded.
The iguana bites you!
You die...

#.....l## ...#
###............##
* ...............
* , *
,...........#...
, *
##........#**, *
##........# *
#........# ,
#...l....# * , *,
#@....# ,
*##....# * *
##...# * #...# *
, ,* ##.## * *
#.## ##.# , ###,,
* *


You could see an iguana.

Vanquished Creatures
  A howler monkey (D:3)
  A hound zombie (D:3)
  2 gnolls
  4 adders
  2 worms (D:2)
  2 dart slugs
  4 giant geckos
  An orc (D:3)
  8 bats
  6 giant cockroaches
  7 goblins
  4 hobgoblins
  10 kobolds
  2 ball pythons
  A giant newt (D:2)
  4 rats
59 creatures vanquished.

Notes
Turn   | Place    | Note
--------------------------------------------------------------
     0 | D:1      | dorian the Deep Dwarf Fighter began the quest for the Orb.
     0 | D:1      | Reached XP level 1. HP: 20/20 MP: 1/1
    87 | D:1      | Reached skill level 3 in Axes
    87 | D:1      | Reached XP level 2. HP: 24/27 MP: 2/2
   544 | D:2      | Reached skill level 4 in Axes
   544 | D:2      | Reached XP level 3. HP: 24/33 MP: 3/3
   769 | D:2      | Reached XP level 4. HP: 16/40 MP: 4/4
  1035 | D:3      | Reached skill level 5 in Axes
  1291 | D:3      | Reached skill level 1 in Evocations
  1314 | D:3      | Reached XP level 5. HP: 33/46 MP: 6/6
  1639 | D:4      | Slain by an iguana

Skill      XL: |  1  2  3  4 |
---------------+-------------+-----
Axes           | 3 4 5 |  5.6
Evocations     | 2 |  2.6
Fighting       | |  2.6
Armour         | |  3.2
Shields        | |  3.2

Action                   |  1- 3 |  4- 6 || total
-------------------------+-------+-------++-------
Melee: War axe           |   130 |    75 ||   205
Evoke: Wand              |       |     1 ||     1
  Eat: Chunk             |       |     3 ||     3
Armor: Scale mail        |    57 |    33 ||    90
Dodge: Dodged            |    44 |    11 ||    55
Block: Shield            |    59 |    43 ||   102
